 Dungeon Crawl Stone Soup version 0.30.0-19-g36f170ea60 (webtiles) character file.

Game seed: 12934439950677318973

6536 Fodor the Blocker (level 10, 0/86 HPs)
             Began as a Minotaur Fighter on May 28, 2023.
             Was an Initiate of Gozag.
             Slain by a blink frog (7 damage)
             ... on level 1 of the Lair of Beasts.
             The game lasted 00:48:24 (7648 turns).

Fodor the Blocker (Minotaur Fighter)                Turns: 7648, Time: 00:48:25

Health: 0/86       AC: 13    Str: 21    XL:     10   Next: 69%
Magic:  18/18      EV: 15    Int:  5    God:    Gozag
Gold:   1192       SH: 11    Dex: 14    Spells: 9/9 levels left

rFire   . . .        G - +2 flail (heavy)
rCold   + . .        c - +0 buckler
rNeg    . . .        C - +1 chain mail {rC+}
rPois   .            (helmet restricted)
rElec   .            (no cloak)
rCorr   .            (no gloves)
SInv    .            g - +0 pair of boots
Will    .....        I - amulet of reflection Stlth
                     A - +5 ring of evasion
HPRegen 0.34/turn    k - ring of magical power
MPRegen 0.16/turn

%: reflection
@: no status effects
A: horns 2, retaliatory headbutt
a: Renounce Religion, Potion Petition, Call Merchant, Bribe Branch


You were on level 1 of the Lair of Beasts.
You worshipped Gozag.
Gozag was most pleased with you.
You visited 3 branches of the dungeon, and saw 10 of its levels.
You also visited: Sewer.

You collected 1266 gold pieces.
You paid 74 gold pieces to Gozag.

Inventory:

Hand Weapons
 D - a +3 spear
 G - a +2 heavy flail (weapon)
 H - a +5 scythe of venom
 L - the +5 short sword of Leburch {flame, rPois rF+++ Dex-4 SInv}
   (You found it on level 7 of the Dungeon)

   Dex:       It affects your dexterity (-4).
   rF:        It renders you almost immune to fire.
   rPois:     It protects you from poison.
   SInv:      It lets you see invisible.
Missiles
 e - 41 stones
 f - 26 poisoned darts (quivered)
 h - 2 throwing nets
 J - 18 boomerangs of dispersal
 M - a curare-tipped dart
 N - 5 datura-tipped darts
Armour
 c - a +0 buckler (worn)
 g - a +0 pair of boots (worn)
 C - a +1 chain mail of cold resistance (worn)
Jewellery
 k - a ring of magical power (right hand)
 A - a +5 ring of evasion (left hand)
 I - an amulet of reflection (around neck)
 K - an amulet of magic regeneration
 O - an amulet of faith
Wands
 a - a wand of polymorph (9)
 x - a wand of paralysis (6)
Scrolls
 b - 4 scrolls of teleportation
 j - a scroll of fog
 l - 2 scrolls of magic mapping
 m - a scroll of immolation
 q - 2 scrolls of blinking
 r - 2 scrolls of acquirement
 u - a scroll of poison {unknown}
 y - a scroll of vulnerability {unknown}
 E - a scroll of torment
Potions
 d - a potion of might
 n - 4 potions of attraction {unknown}
 o - 2 potions of mutation {unknown}
 p - 2 potions of ambrosia {unknown}
 s - a potion of resistance {unknown}
 t - a potion of brilliance
 v - 2 potions of flight
 w - 2 potions of heal wounds
 z - 3 potions of lignification {unknown}
 B - 3 potions of cancellation {unknown}
 F - a potion of degeneration {unknown}


   Skills:
 + Level 7.5 Fighting
 + Level 4.1(5.6) Short Blades
 + Level 6.4(7.1) Long Blades
 + Level 2.3 Maces & Flails
 + Level 8.9 Polearms
 + Level 2.9 Throwing
 + Level 9.0 Armour
 + Level 4.3 Dodging
 + Level 1.2 Stealth
 + Level 9.7 Shields


You had 9 spell levels left.
You didn't know any spells.
Your spell library contained the following spells:

 Spells                   Type           Power      Damage    Failure   Level
 Sublimation of Blood     Necr           0%         N/A       99%         2
 Inner Flame              Hex/Fire       0%         N/A       100%        3
 Flame Wave               Conj/Fire      0%         2d4       100%        4
 Petrify                  Tmut/Erth      0%         N/A       100%        4
 Sticky Flame             Conj/Fire      0%         2d3       100%        4
 Irradiate                Conj/Tmut      0%         3d11      100%        5
 Yara's Violent Unravell  Hex/Tmut       0%         3d3       100%        5
 Enfeeble                 Hex            0%         N/A       100%        7


Dungeon Overview and Level Annotations

Branches:
Dungeon (8/15)             Temple (1/1) D:5            Lair (1/5) D:8
  Sewer (visited)

Altars:
Ashenzari
Cheibriados
Dithmenos
Fedhas
Gozag
Hepliaklqana
Kikubaaqudgha
Makhleb
Nemelex Xobeh
Okawaru
Qazlal
Ru
Sif Muna
Uskayaw
Vehumet
Wu Jian
Xom
Yredelemnul
Zin
The Shining One

Annotations:
Lair:1 3 runed translucent doors, adizb's ghost, journeyman TrMo


Innate Abilities, Weirdness & Mutations

You have a pair of horns on your head.
You reflexively headbutt those who attack you in melee.


Message History

The blink frog is lightly wounded.
The blink frog barely misses you. The blink frog hits you!
* * * LOW HITPOINT WARNING * * *
The blink frog blinks! x2; You block the blink frog's attack. x2
The blink frog blinks!
The blink frog hits you but does no damage.
You sock the blink frog!
The blink frog is almost dead.
The blink frog barely misses you.
The blink frog blinks!
You block the blink frog's attack. x2; The blink frog hits you!
* * * LOW HITPOINT WARNING * * *
The blink frog blinks! x2
You barely miss the blink frog. You headbutt the blink frog!
The blink frog is heavily wounded.
The blink frog closely misses you. You block the blink frog's attack.
The blink frog blinks! x2; The blink frog closely misses you.
The blink frog misses you.
The blink frog blinks!
You block the blink frog's attack.
The blink frog attacks as you move away!
The blink frog closely misses you.
The blink frog attacks as you move away!
The blink frog hits you.
* * * LOW HITPOINT WARNING * * *
You block the blink frog's attack.
The blink frog blinks! x2
The blink frog closely misses you. You furiously retaliate!
You headbutt the blink frog. The blink frog misses you.
You furiously retaliate!
You headbutt the blink frog. The blink frog hits you.
* * * LOW HITPOINT WARNING * * *
The blink frog blinks!
The blink frog blinks! x2; The blink frog closely misses you.
You furiously retaliate!
You headbutt the blink frog.
The blink frog blinks!
The blink frog hits you but does no damage.
The blink frog blinks!
The blink frog hits you but does no damage.
The blink frog attacks as you move away!
The blink frog hits you!
You die...
Your body crumbles into a pile of gold.

### ####### ###
###.####..##.###.#########
#......§F@................
#.....F...................
#.......§.##.P............
#.......######............
#.......# #............
#.....FF# #.....#P'..##
#..F#...## # #.....#..#..#
#...#....#.# #.....#.#...#
#...#.>....# #.....###.⌠.'


You could see 5 blink frogs.

Vanquished Creatures
  Pikel (D:7)
  2 rime drakes
  A cane toad (Lair:1)
  A hornet (D:7)
  Prince Ribbit (D:7)
  Sigmund (D:5)
  A wyvern (D:8)
  2 steam dragons (D:6)
  6 water moccasins
  8 ice beasts
  4 sky beasts
  4 wolves (D:8)
  2 phantoms (D:6)
  A lemure (D:7)
  7 kobold brigands
  4 bullfrogs
  A gnoll sergeant (D:8)
  6 killer bees (D:8)
  A howler monkey (D:8)
  2 jellies
  5 hounds
  3 orc priests
  Crazy Yiuf (D:7)
  A gnoll bouda (D:4)
  Ijyb (D:5)
  Terence (D:3)
  A sleepcap (D:4)
  4 iguanas
  3 orc wizards
  14 gnolls
  7 adders
  2 river rats (Sewer)
  2 white imps
  An ufetubus (D:4)
  A worm (D:2)
  A dart slug (D:2)
  34 orcs
  3 ball pythons (D:2)
  4 bats
  6 endoplasms
  3 giant cockroaches
  4 goblins
  4 hobgoblins
  7 jackals
  3 quokkas
  8 frilled lizards
  27 kobolds
  9 rats
216 creatures vanquished.

Vanquished Creatures (others)
  An adder (D:6)
1 creature vanquished.

Grand Total: 217 creatures vanquished

Notes
Turn   | Place    | Note
-------+----------+-------------------------------------------
     0 | D:1      | Fodor the Minotaur Fighter began the quest for the Orb.
     0 | D:1      | Reached XP level 1. HP: 19/19 MP: 0/0
   270 | D:1      | Reached XP level 2. HP: 27/27 MP: 1/1
   331 | D:1      | Found a faded altar of an unknown god.
   888 | D:2      | Reached XP level 3. HP: 33/33 MP: 2/2
   966 | D:2      | Found a shimmering blue altar of Sif Muna.
  1439 | D:3      | Reached XP level 4. HP: 17/40 MP: 3/3
  1505 | D:3      | Found a glowing drain.
  1514 | Sewer    | Entered a sewer
  1521 | Sewer    | Reached skill level 1 in Dodging
  1580 | Sewer    | Noticed a kobold brigand
  1592 | Sewer    | Killed a kobold brigand
  1593 | Sewer    | Reached XP level 5. HP: 22/46 MP: 4/4
  1616 | Sewer    | Found a white marble altar of Elyvilon.
  1720 | D:3      | Noticed Terence
  1730 | D:3      | Killed Terence
  1731 | D:3      | Reached skill level 5 in Long Blades
  1889 | D:3      | Found a sacrificial altar of Ru.
  2318 | D:4      | Found a radiant altar of Vehumet.
  2342 | D:4      | Reached XP level 6. HP: 52/52 MP: 5/5
  2368 | D:4      | Reached skill level 5 in Armour
  2681 | D:4      | Reached skill level 1 in Polearms
  2694 | D:4      | You fall into a shaft and drop 2 floors!
  2717 | D:6      | Reached XP level 7. HP: 60/60 MP: 6/6
  2738 | D:5      | Entered Level 5 of the Dungeon
  2920 | D:4      | Reached skill level 5 in Shields
  3131 | D:5      | Found a staircase to the Ecumenical Temple.
  3137 | Temple   | Entered the Ecumenical Temple
  3208 | Temple   | Became a worshipper of Gozag Ym Sagoz the Greedy
  3277 | D:5      | Found a blossoming altar of Fedhas.
  3341 | D:5      | Found a shimmering blue altar of Sif Muna.
  3341 | D:5      | Found a hazy altar of Hepliaklqana.
  3553 | D:5      | Noticed Ijyb
  3609 | D:5      | Killed Ijyb
  3654 | D:5      | Noticed Sigmund
  3664 | D:5      | Killed Sigmund
  3665 | D:5      | Reached skill level 5 in Fighting
  3852 | D:5      | Found a sparkling altar of Nemelex Xobeh.
  3957 | D:5      | Reached XP level 8. HP: 61/68 MP: 7/7
  4363 | D:6      | Reached skill level 5 in Polearms
  4565 | D:6      | Reached skill level 1 in Throwing
  4631 | D:6      | Reached skill level 1 in Stealth
  4814 | D:6      | Found a shadowy altar of Dithmenos.
  5223 | D:6      | Reached XP level 9. HP: 65/75 MP: 8/8
  5391 | D:7      | Noticed Pikel
  5413 | D:7      | Killed Pikel
  5590 | D:7      | Noticed Prince Ribbit
  5606 | D:7      | Killed Prince Ribbit
  5667 | D:7      | Identified a scroll of acquirement
  5900 | D:7      | Identified the +5 short sword of Leburch {flame, rPois
                  | rF+++ Dex-4 SInv}
  5921 | D:7      | Found a runed translucent door.
  5922 | D:7      | Noticed Crazy Yiuf
  5928 | D:7      | Killed Crazy Yiuf
  6377 | D:8      | Reached skill level 1 in Short Blades
  6456 | D:8      | Reached XP level 10. HP: 70/83 MP: 9/9
  7078 | D:8      | Found a staircase to the Lair.
  7195 | Lair:1   | Entered Level 1 of the Lair of Beasts
  7198 | Lair:1   | Reached skill level 1 in Maces & Flails
  7214 | Lair:1   | Found a runed translucent gate.
  7215 | Lair:1   | Found a runed translucent gate.
  7216 | Lair:1   | Found a runed translucent gate.
  7220 | Lair:1   | Noticed adizb's ghost (journeyman TrMo)
  7358 | Lair:1   | Noticed a cane toad
  7365 | Lair:1   | Killed a cane toad
  7648 | Lair:1   | Slain by a blink frog

Illustrated notes

Levels and vault maps discovered:
D:1:      dpeg_arrival_snail, layout_basic, shapermc_ecumenical_altar_ellora
D:2:      layout_loops_ring, basic_altar
D:3:      layout_rooms, nicolae_ru_the_path_less_chosen, portal_sewer_entry_b,
          uniq_terence
D:4:      layout_loops_ring, mainiacjoe_overflow_small_starburst
D:5:      layout_loops_ring, mainiacjoe_overflow_boulevard,
          mainiacjoe_overflow_tiny_flanked, gammafunk_temple_overflow_elements,
          minmay_temple_entry_enclosed_plants, dk_noncrumbling_4, uniq_ijyb,
          uniq_sigmund
D:6:      nicolae_cairo_tiling_very_big, layout_basic,
          mainiacjoe_overflow_concentric_impassable, minmay_misc_feat_tower,
          minmay_liquid_box, minmay_unpleasant_kobolds
D:7:      layout_cave_pools, lightli_orcish_oven, uniq_crazy_yiuf_cottage,
          uniq_prince_ribbit1, uniq_pikel
D:8:      layout_basic, hellmonk_lair_entry_icy
Temple:   nicolae_temple_bog_church
Lair:1:   layout_chaotic_city, gammafunk_ghost_ooze, lemuel_oklob_altar,
          grunt_megastairs_4, lemuel_fruit_fields, lemuel_fruit_tree

Skill      XL: |  1  2  3  4  5  6  7  8  9 10 |
---------------+-------------------------------+-----
Fighting       | 4 5 6 7 |  7.5
Shields        | 4 5 6 8 9 |  9.7
Armour         | 4 5 6 7 9 |  9.0
Long Blades    | 3 4 5 6 |  6.4
Dodging        | 1 2 3 4 |  4.3
Polearms       | 1 4 7 8 |  8.9
Throwing       | 1 2 |  2.9
Stealth        | 1 |  1.2
Short Blades   | 1 4 |  4.1
Maces & Flails | 2 |  2.3

Action                     |  1- 3 |  4- 6 |  7- 9 | 10-12 || total
---------------------------+-------+-------+-------+-------++-------
  Melee: Long sword        |    86 |   103 |       |       ||   189
         Headbutt          |    19 |    22 |    66 |    25 ||   132
         Spear             |       |    41 |   299 |       ||   340
         Unarmed           |       |       |     3 |       ||     3
         Short sword       |       |       |    64 |    91 ||   155
         Flail             |       |       |       |    43 ||    43
  Throw: Stone             |    11 |       |    23 |       ||    34
         Boomerang         |       |       |     4 |       ||     4
         Dart              |       |       |     5 |     8 ||    13
    Use: Scroll            |     1 |     4 |     3 |     2 ||    10
         Potion            |       |     3 |     1 |     4 ||     8
   Stab: Distracted        |       |       |     1 |     1 ||     2
 Armour: Scale mail        |    30 |    37 |       |       ||    67
         Chain mail        |       |    40 |    83 |    42 ||   165
         Skin              |       |       |     4 |       ||     4
  Dodge: Dodged            |    38 |   120 |   173 |   113 ||   444
  Block: Buckler           |    21 |    59 |   122 |   132 ||   334
         Reflection        |       |       |     2 |       ||     2
